 Dungeon Crawl Stone Soup version 0.22-a0-280-g69bf1f3 (webtiles) character file.

96 mhoghedin the Skirmisher (level 4, -1/40 HPs)
             Began as a Ghoul Monk on Mar 17, 2018.
             Killed from afar by an orc wizard (11 damage)
             ... with a puff of flame
             ... on level 3 of the Dungeon.
             The game lasted 00:02:05 (1358 turns).

mhoghedin the Skirmisher (Ghoul Monk)               Turns: 1358, Time: 00:02:05

Health: -1/40      AC:  3    Str: 20    XL:     4   Next: 67%
Magic:  3/3        EV: 19    Int: 10    God:
Gold:   91         SH:  0    Dex: 16    Spells: 3/3 levels left

rFire    . . .     SeeInvis .     - Unarmed
rCold    + . .     Gourm    .   (no shield)
rNeg     + + +     Faith    .   a - +0 robe
rPois    ∞         Spirit   .   o - +0 helmet
rElec    .         Reflect  .   (no cloak)
rCorr    .         Harm     .   (no gloves)
MR       .....                  (no boots)
Stlth    +++.......             (no amulet)
HPRegen  0.00/turn              (no ring)
MPRegen  0.08/turn              (no ring)

@: mighty, brilliant, agile, rotting
A: rotting body, claws 1, carnivore, cold resistance 1, negative energy
resistance 3, inhibited regeneration, torment resistance, unbreathing
a: no special abilities


You were on level 3 of the Dungeon.
You were hungry.

You visited 1 branch of the dungeon, and saw 3 of its levels.

You collected 91 gold pieces.

Inventory:

Armour
 a - a +0 robe (worn)
 o - a +0 helmet (worn)
   (You found it on level 2 of the Dungeon)
Scrolls
 c - 2 scrolls of teleportation {unknown}
 d - 2 scrolls of enchant weapon {unknown}
 g - a scroll of remove curse {unknown}
 j - a scroll of identify {unknown}
 m - 2 scrolls of amnesia {unknown}
Potions
 l - a potion of cancellation {unknown}
 n - a potion of lignification {unknown}
Comestibles
 b - 2 rations


   Skills:
 + Level 4.2 Fighting
 + Level 3.5 Dodging
 - Level 2.1 Stealth
 + Level 4.2 Unarmed Combat


You had 3 spell levels left.
You didn't know any spells.

Dungeon Overview and Level Annotations

Branches:
Dungeon (3/15)

Altars:


Innate Abilities, Weirdness & Mutations

Your body is rotting away.
You thrive on raw meat.
You are immune to poison.
You have sharp fingernails.
You are carnivorous and can eat meat at any time.
Your flesh is cold resistant. (rC+)
You are immune to negative energy. (rN+++)
You do not regenerate when monsters are visible.
You are immune to unholy pain and torment.
You can survive without breathing.


Message History

Done exploring.
Done exploring.
No target in view!
(D) Dungeon
Where to? (Enter - D:2, ? - help)
There is a stone staircase leading down here.
You climb downwards.
There is a stone staircase leading up here.
An orc wizard comes into view. It is wielding a dagger.
The orc wizard shouts!
You hear a shout!
An orc wizard comes into view. It is wielding a dagger.
An orc comes into view. It is wielding a short sword of venom.
The orc shouts!
The orc wizard shouts!
You hear a shout!
You hear an angry hiss.
An orc comes into view. It is wielding a falchion.
The orc moves out of view.
It was a potion of curing.
You feel better.
The orc wizard casts a spell.
The orc wizard blinks!
An orc wizard comes into view. It is wielding a dagger.
You scratch the orc wizard.
The orc wizard hits you but does no damage.
You scratch the orc wizard but do no damage.
You closely miss the orc wizard.
The orc wizard hits you but does no damage.
You claw the orc wizard!
The orc wizard hits you but does no damage.
The orc wizard hits you with a dagger.
You take 5 damage, and have 28/33 hp.
You scratch the orc wizard but do no damage.
The orc wizard hits you with a dagger. The orc wizard casts a spell at you.
The puff of flame misses you.
The puff of flame hits the orc wizard.
You take 3 damage, and have 25/33 hp.
You barely miss the orc wizard.
The orc wizard gestures at you while chanting.
The magic dart hits you!
The orc wizard looks satisfied for a moment.
The orc wizard gestures wildly while chanting.
The orc wizard flickers and vanishes!
Deactivating autopickup; reactivate with Ctrl-A.
You take 5 damage, and have 20/33 hp.
You completely miss the orc wizard. The orc wizard misses you.
The orc wizard hits you but does no damage.
You barely miss the orc wizard. The orc wizard hits you with a dagger.
The orc wizard points at you and mumbles some strange words.
The magic dart hits you!
You take 8 damage, and have 12/33 hp.
MASSIVE DAMAGE!!
You feel better. The orc wizard barely misses you.
The orc wizard closely misses you.
You regained 7 hp, and now have 19/33 hp.
You closely miss the orc wizard. The orc wizard misses you.
The orc wizard barely misses you.
You barely miss the orc wizard. The orc wizard hits you with a dagger.
The orc wizard looks encouraged for a moment.
You take 1 damage, and have 18/33 hp.
You closely miss the orc wizard.
The orc wizard mumbles some strange words.
The orc wizard seems to speed up.
The orc wizard barely misses you.
It was a potion of agility.
You feel agile all of a sudden.
The orc wizard gestures wildly while chanting.
The orc wizard blinks!
The orc wizard misses you.
A frilled lizard comes into view.
It was a potion of brilliance.
You feel clever all of a sudden.
The orc wizard hits you but does no damage.
It was a potion of might.
You feel very mighty all of a sudden.
The orc wizard gestures wildly while chanting.
The orc wizard blinks!
The orc wizard hits you with a dagger.
The orc wizard gestures at you while chanting.
The magic dart hits you!
* * * LOW HITPOINT WARNING * * *
You take 9 damage, and have 9/33 hp.
MASSIVE DAMAGE!!
The frilled lizard hisses angrily.
You claw the orc wizard!
You kill the orc wizard!
Your Fighting skill increases to level 4!
You have reached level 4!
You hear some strange, mumbled words.
A puff of flame appears from out of thin air!
The puff of flame hits you!
* * * LOW HITPOINT WARNING * * *
You take 5 damage, and have 4/40 hp.
MP restored: 3 You feel better.
The frilled lizard moves out of view.
You regained 6 hp, and now have 10/40 hp.
You claw the orc wizard!
You kill the orc wizard!
Something misses you.
You claw something!
You are feeling hungry.
You hear some strange, mumbled words.
A puff of flame appears from out of thin air!
The puff of flame hits you!
You die...

# #.####
...#
###.###.####
#.........<#
.#...#.####
#. #.# #)#
#@# #{# #o#
#o# #.. ###


You could see 2 orcs.

Vanquished Creatures
  2 orc wizards (D:3)
  An ooze (D:2)
  A worm (D:2)
  2 dart slugs
  2 leopard geckos (D:1)
  4 bats
  A giant cockroach (D:1)
  5 goblins
  5 hobgoblins (D:1)
  3 jackals
  2 kobolds (D:1)
  7 frilled lizards
  3 rats
38 creatures vanquished.

Notes
Turn   | Place    | Note
-------+----------+-------------------------------------------
     0 | D:1      | mhoghedin the Ghoul Monk began the quest for the Orb.
     0 | D:1      | Reached XP level 1. HP: 19/19 MP: 0/0
   122 | D:1      | Reached XP level 2. HP: 25/26 MP: 1/1
   350 | D:1      | Reached skill level 3 in Dodging
   476 | D:1      | Reached XP level 3. HP: 16/33 MP: 2/2
  1308 | D:2      | Reached skill level 4 in Unarmed Combat
  1355 | D:3      | Reached skill level 4 in Fighting
  1355 | D:3      | Reached XP level 4. HP: 11/40 MP: 3/3
  1355 | D:3      | HP: 4/40 [something/puff of flame (7)]
  1358 | D:3      | Killed from afar by an orc wizard

Vault maps used:
D:1:      sevenhm_arrival_forest_fort_large_2

Skill      XL: |  1  2  3 |
---------------+----------+-----
Dodging        | 3 |  3.5
Unarmed Combat | 4 |  4.2
Fighting       | 4 |  4.2
Stealth        | |  2.1

Action                   |  1- 3 |  4- 6 || total
-------------------------+-------+-------++-------
Melee: Unarmed           |   111 |     2 ||   113
  Use: Potion            |     5 |     1 ||     6
 Stab: Sleeping          |     4 |       ||     4
  Eat: Chunk             |     1 |       ||     1
Armor: Robe              |    18 |       ||    18
Dodge: Dodged            |    74 |     1 ||    75

Table legend:
 A = Spawn XP
 B = Non-spawn XP
 C = Spawn XP percentage of total XP
 D = Spawn monster count
 E = Non-spawn monster count
 F = Spawn count percentage of total count
 G = Total turns spent on level
                    A         B        C        D         E        F      G
               +---------+---------+-------+---------+---------+-------+---------
         Total |       0 |     138 |   0.0 |       0 |      38 |   0.0 |  1358
               +---------+---------+-------+---------+---------+-------+---------
           D:1 |       0 |      46 |   0.0 |       0 |      25 |   0.0 |   933
           D:2 |       0 |      26 |   0.0 |       0 |      11 |   0.0 |   399
           D:3 |       0 |      66 |   0.0 |       0 |       2 |   0.0 |    26
               +---------+---------+-------+---------+---------+-------+---------

Vault maps used:
D:1:      sevenhm_arrival_forest_fort_large_2

Table legend:
 A = Turns spent in this place as a percentage of turns spent in the entire game.
 B = Non-inter-level travel turns spent in this place as a percentage of non-inter-level travel turns spent in the entire game.
 C = Inter-level travel turns spent in this place as a percentage of turns spent in this place.
 D = Turns resting spent in this place as a percentage of non-inter-level travel turns spent in this place.
 E = Turns spent auto-exploring this place as a percentage of non-inter-level travel turns spent in this place.
 F = Non-inter-level travel turns spent in this place divided by the number of levels of this place that you've seen.
                   A       B       C       D       E      F
               +-------+-------+-------+-------+-------+----------------------
         Total | 100.0 | 100.0 |   3.0 |  18.6 |  60.1 | 439.0
       Dungeon | 100.0 | 100.0 |   3.0 |  18.6 |  60.1 | 439.0
               +-------+-------+-------+-------+-------+----------------------

Table legend:
 A = Kills in this place as a percentage of kills in entire the game.
 B = Kills by you in this place as a percentage of kills by you in the entire game.
 C = Kills by friends in this place as a percentage of kills by friends in the entire game.
 D = Other kills in this place as a percentage of other kills in the entire game.
 E = Experience gained in this place as a percentage of experience gained in the entire game.
 F = Experience gained in this place divided by the number of levels of this place that you have seen.
                   A       B       C       D       E      F
               +-------+-------+-------+-------+-------+----------------------
         Total | 100.0 | 100.0 |   N/A |   N/A | 100.0 |  46.0
       Dungeon | 100.0 | 100.0 |   N/A |   N/A | 100.0 |  46.0
               +-------+-------+-------+-------+-------+----------------------
